MLB
BOSTON RED SOX @ KANSAS CITY ROYALS
09/03/2046
 
TOP OF THE 1ST
Boston Red Sox batting - Pitching for Kansas City Royals : LHP John Hall
Pitching: LHP John Hall
Batting: RHB Alois Wollf 0-0: Called Strike
0-1: Ball
1-1: DOUBLE (Line Drive, 7LS, EV 104.4 MPH)
Batting: SHB Robbie Rogers 0-0: Swinging Strike
0-1: Fly out, F4 (Line Drive, 4MD, EV 68.8 MPH)
Batting: RHB Cesar Breceda 0-0: Ball
1-0: Swinging Strike
1-1: Ball
2-1: Swinging Strike
2-2: Ball
3-2: Base on Balls
Batting: SHB Marvin Lawrence 0-0: Ball
1-0: Ball
2-0: Foul Ball, location: 2F
2-1: Ball
3-1: Called Strike
3-2: Strikes out swinging
Batting: LHB Kevin McCormic Jr. 0-0: Called Strike
0-1: Foul Ball, location: 2F
0-2: Foul Ball, location: 2F
0-2: Foul Ball, location: 2F
0-2: Fly out, F7 (Flyball, 7, EV 88.1 MPH)
Top of the 1st over - 0 runs, 1 hit, 0 errors, 2 left on base; Boston 0 - Kansas City 0
BOTTOM OF THE 1ST
Kansas City Royals batting - Pitching for Boston Red Sox : RHP Jeremy Hernandez
Pitching: RHP Jeremy Hernandez
Batting: SHB Tony Prado 0-0: Ball
1-0: Ball
2-0: Foul Ball, location: 2F
2-1: Foul Ball, location: 2F
2-2: Ball
3-2: Base on Balls
Batting: RHB Imbart Faber 0-0: Called Strike
0-1: Bunted foul
0-2: Fly out, F9 (Line Drive, 89D, EV 91.2 MPH)
Batting: LHB Mike Meyerhoff 0-0: Ball
1-0: Ball
2-0: Called Strike
2-1: Ball
3-1: Fly out, F8 (Flyball, 8LXD, EV 93.1 MPH)
Batting: RHB Mike Jaquez 0-0: Ball
1-0: Foul Ball, location: 2F
1-1: Swinging Strike
1-2: Fielders Choice at 2nd, 6-4 (Groundball, 6, EV 85.6 MPH)
Bottom of the 1st over - 0 runs, 0 hits, 0 errors, 1 left on base; Boston 0 - Kansas City 0
TOP OF THE 2ND
Boston Red Sox batting - Pitching for Kansas City Royals : LHP John Hall
Batting: RHB Pedro Nin 0-0: Foul Ball, location: 2F
0-1: Ball
1-1: Fly out, F4 (Popup, 4D, EV 51.2 MPH)
Batting: RHB Rocky Campbell 0-0: Called Strike
0-1: Called Strike
0-2: Ball
1-2: Fly out, F9 (Flyball, 89S, EV 97.5 MPH)
Batting: LHB Mike Mentzer 0-0: Ball
1-0: Called Strike
1-1: Swinging Strike
1-2: Ball
2-2: Ball
3-2: Foul Ball, location: 2F
3-2: Base on Balls
Batting: RHB Scott Treider 0-0: Ball
1-0: SINGLE (Groundball, 56S, EV 62.5 MPH) (infield hit)
Mike Mentzer to second
Batting: RHB Alois Wollf 0-0: Ball
1-0: Fielders Choice at 2nd, 5-4 (Groundball, 56, EV 87.5 MPH)
Top of the 2nd over - 0 runs, 1 hit, 0 errors, 2 left on base; Boston 0 - Kansas City 0
BOTTOM OF THE 2ND
Kansas City Royals batting - Pitching for Boston Red Sox : RHP Jeremy Hernandez
Batting: SHB Gil Switzer 0-0: SINGLE (Groundball, 5, EV 95.0 MPH)
Batting: RHB Bob Najar 0-0: Called Strike
0-1: SINGLE (Line Drive, 78S, EV 95.0 MPH)
Gil Switzer to second
Batting: LHB Manny Estrada 0-0: Foul Ball, location: 2F
0-1: Sac Bunt to 2R - play at first, batter OUT! 2-3
Gil Switzer to third
Bob Najar to second
Batting: RHB Mikolas Markus 0-0: Ball
1-0: Foul Ball, location: 2F
1-1: Foul Ball, location: 2F
1-2: Ground out 5-3 (Groundball, 56, EV 108.1 MPH)
Gil Switzer scores
Batting: RHB Aaron Matthews 0-0: Foul Ball, location: 2F
0-1: Ground out 5-3 (Groundball, 5L, EV 86.2 MPH)
Bottom of the 2nd over - 1 run, 2 hits, 0 errors, 1 left on base; Boston 0 - Kansas City 1
TOP OF THE 3RD
Boston Red Sox batting - Pitching for Kansas City Royals : LHP John Hall
Batting: SHB Robbie Rogers 0-0: SINGLE (Line Drive, 4D, EV 97.5 MPH)
Batting: RHB Cesar Breceda 0-0: Called Strike
0-1: Ball
1-1: Reached on error, E3 (Groundball, 3, EV 93.1 MPH)
Robbie Rogers to second
Batting: SHB Marvin Lawrence 0-0: Foul Ball, location: 2F
0-1: Ball
1-1: Foul Ball, location: 2F
1-2: Ball
2-2: Strikes out swinging
Batting: LHB Kevin McCormic Jr. 0-0: Foul Ball, location: 2F
0-1: Called Strike
0-2: Ball
1-2: Ball
2-2: Strikes out swinging
Batting: RHB Pedro Nin 0-0: Ball
1-0: Ball
2-0: Swinging Strike
2-1: Called Strike
2-2: Foul Ball, location: 2F
2-2: Ball
3-2: Foul Ball, location: 2F
3-2: Foul Ball, location: 2F
3-2: Base on Balls
Robbie Rogers to third
Cesar Breceda to second
Batting: RHB Rocky Campbell 0-0: Ball
1-0: Ball
2-0: Fly out, F8 (Flyball, 8LM, EV 80.0 MPH)
Top of the 3rd over - 0 runs, 1 hit, 1 error, 3 left on base; Boston 0 - Kansas City 1
BOTTOM OF THE 3RD
Kansas City Royals batting - Pitching for Boston Red Sox : RHP Jeremy Hernandez
Batting: SHB Tony Prado 0-0: Ball
1-0: Ball
2-0: Foul Ball, location: 2F
2-1: Ball
3-1: Foul Ball, location: 2F
3-2: Foul Ball, location: 2F
3-2: Foul Ball, location: 2F
3-2: Foul Ball, location: 2F
3-2: SOLO HOME RUN (Flyball, 9D, EV 98.8 MPH), Distance : 388 ft
Batting: RHB Imbart Faber 0-0: Called Strike
0-1: Foul Ball, location: 2F
0-2: Foul Ball, location: 2F
0-2: Ball
1-2: Strikes out swinging
Batting: LHB Mike Meyerhoff 0-0: Ball
1-0: Swinging Strike
1-1: Foul Ball, location: 2F
1-2: Foul Ball, location: 2F
1-2: Strikes out swinging
Batting: RHB Mike Jaquez 0-0: Swinging Strike
0-1: Swinging Strike
0-2: Ball
1-2: Ball
2-2: Strikes out looking
Bottom of the 3rd over - 1 run, 1 hit, 0 errors, 0 left on base; Boston 0 - Kansas City 2
TOP OF THE 4TH
Boston Red Sox batting - Pitching for Kansas City Royals : LHP John Hall
Batting: LHB Mike Mentzer 0-0: Ball
1-0: Swinging Strike
1-1: Fly out, F5 (Popup, 25F, EV 81.9 MPH)
Batting: RHB Scott Treider 0-0: Foul Ball, location: 2F
0-1: Ground out 6-3 (Groundball, 6, EV 86.2 MPH)
Batting: RHB Alois Wollf 0-0: Swinging Strike
0-1: Ball
1-1: Ground out 6-3 (Groundball, P, EV 80.6 MPH)
Top of the 4th over - 0 runs, 0 hits, 0 errors, 0 left on base; Boston 0 - Kansas City 2
BOTTOM OF THE 4TH
Kansas City Royals batting - Pitching for Boston Red Sox : RHP Jeremy Hernandez
Batting: SHB Gil Switzer 0-0: Called Strike
0-1: Ball
1-1: Called Strike
1-2: Foul Ball, location: 2F
1-2: Ball
2-2: Strikes out swinging
Batting: RHB Bob Najar 0-0: Ball
1-0: Ball
2-0: Ball
3-0: Called Strike
3-1: Ground out 5-3 (Groundball, 56, EV 102.5 MPH)
Batting: LHB Manny Estrada 0-0: Ball
1-0: Ball
2-0: SOLO HOME RUN (Flyball, 89XD, EV 106.2 MPH), Distance : 392 ft
Batting: RHB Mikolas Markus 0-0: Ball
1-0: Ground out 6-3 (Groundball, 56, EV 110.0 MPH)
Bottom of the 4th over - 1 run, 1 hit, 0 errors, 0 left on base; Boston 0 - Kansas City 3
TOP OF THE 5TH
Boston Red Sox batting - Pitching for Kansas City Royals : LHP John Hall
Batting: SHB Robbie Rogers 0-0: Called Strike
0-1: Ball
1-1: Ball
2-1: Swinging Strike
2-2: Strikes out swinging
Batting: RHB Cesar Breceda 0-0: Ball
1-0: Ball
2-0: Ball
3-0: Base on Balls
Batting: SHB Marvin Lawrence 0-0: Foul Ball, location: 2F
0-1: Ball
1-1: Ball
2-1: Grounds into double play, 5-4-3 (Groundball, 5, EV 87.5 MPH)
Top of the 5th over - 0 runs, 0 hits, 0 errors, 0 left on base; Boston 0 - Kansas City 3
BOTTOM OF THE 5TH
Kansas City Royals batting - Pitching for Boston Red Sox : RHP Jeremy Hernandez
Batting: RHB Aaron Matthews 0-0: Called Strike
0-1: Ball
1-1: Ball
2-1: SOLO HOME RUN (Flyball, 78XD, EV 106.9 MPH), Distance : 405 ft
Batting: SHB Tony Prado 0-0: Foul Ball, location: 2F
0-1: Ball
1-1: Called Strike
1-2: Foul Ball, location: 2F
1-2: Foul Ball, location: 2F
1-2: Ground out 6-3 (Groundball, 4, EV 105.0 MPH)
Batting: RHB Imbart Faber 0-0: Called Strike
0-1: Foul Ball, location: 2F
0-2: Ground out 6-3 (Groundball, 6, EV 86.2 MPH)
Batting: LHB Mike Meyerhoff 0-0: Called Strike
0-1: Ball
1-1: Ball
2-1: Ball
3-1: Base on Balls
Batting: RHB Mike Jaquez 0-0: Called Strike
0-1: Ball
1-1: TRIPLE (Flyball, 8LXD, EV 99.4 MPH)
Mike Meyerhoff scores
Pitching: RHP J.J. Thompson
Batting: SHB Gil Switzer 0-0: Foul Ball, location: 2F
0-1: Called Strike
0-2: Strikes out looking
Bottom of the 5th over - 2 runs, 2 hits, 0 errors, 1 left on base; Boston 0 - Kansas City 5
TOP OF THE 6TH
Boston Red Sox batting - Pitching for Kansas City Royals : LHP John Hall
Batting: LHB Kevin McCormic Jr. 0-0: Ball
1-0: Ball
2-0: Foul Ball, location: 2F
2-1: SINGLE (Flyball, 8LS, EV 96.2 MPH)
Batting: RHB Pedro Nin 0-0: Swinging Strike
0-1: SINGLE (Groundball, 4MD, EV 98.1 MPH)
Kevin McCormic Jr. to second
Runner from 2nd tries for 3rd, OUT! 8-5
Pedro Nin to second
Batting: RHB Rocky Campbell 0-0: Ball
1-0: Fly out, F7 (Flyball, 7, EV 94.4 MPH)
Batting: LHB Mike Mentzer 0-0: Ball
1-0: Called Strike
1-1: Foul Ball, location: 2F
1-2: DOUBLE (Flyball, 8LXD, EV 107.5 MPH)
Pedro Nin scores
Batting: RHB Scott Treider 0-0: Foul Ball, location: 2F
0-1: Swinging Strike
0-2: Strikes out looking
Top of the 6th over - 1 run, 3 hits, 0 errors, 1 left on base; Boston 1 - Kansas City 5
BOTTOM OF THE 6TH
Kansas City Royals batting - Pitching for Boston Red Sox : RHP J.J. Thompson
Batting: RHB Bob Najar 0-0: Called Strike
0-1: Foul Ball, location: 2F
0-2: Fly out, F7 (Line Drive, 78D, EV 90.0 MPH)
Batting: LHB Manny Estrada 0-0: Called Strike
0-1: Called Strike
0-2: Foul Ball, location: 2F
0-2: Strikes out swinging
Batting: RHB Mikolas Markus 0-0: Ball
1-0: Ball
2-0: Ball
3-0: Base on Balls
Batting: RHB Aaron Matthews 0-0: Ball
1-0: Ball
2-0: Ball
3-0: Called Strike
3-1: Ground out 1-3 (Groundball, 15, EV 70.0 MPH)
Bottom of the 6th over - 0 runs, 0 hits, 0 errors, 1 left on base; Boston 1 - Kansas City 5
TOP OF THE 7TH
Boston Red Sox batting - Pitching for Kansas City Royals : LHP John Hall
Pitching: RHP Gan Ts'ong
Batting: RHB Alois Wollf 0-0: Called Strike
0-1: Swinging Strike
0-2: Ball
1-2: Fly out, F8 (Line Drive, 8RS, EV 90.6 MPH)
Batting: SHB Robbie Rogers 0-0: Ball
1-0: Foul Ball, location: 2F
1-1: Ground out U3 (Groundball, 3S, EV 93.1 MPH)
Batting: RHB Cesar Breceda 0-0: Ball
1-0: Swinging Strike
1-1: Swinging Strike
1-2: Foul Ball, location: 2F
1-2: Ground out 5-3 (Groundball, 56, EV 107.5 MPH)
Top of the 7th over - 0 runs, 0 hits, 0 errors, 0 left on base; Boston 1 - Kansas City 5
BOTTOM OF THE 7TH
Kansas City Royals batting - Pitching for Boston Red Sox : RHP J.J. Thompson
Pitching: RHP Fred Huber
Batting: SHB Tony Prado 0-0: Ground out 4-3 (Groundball, 34D, EV 98.8 MPH)
Batting: RHB Imbart Faber 0-0: Called Strike
0-1: DOUBLE (Line Drive, 78XD, EV 115.0 MPH)
Batting: LHB Mike Meyerhoff 0-0: Called Strike
0-1: Swinging Strike
0-2: Strikes out looking
Batting: RHB Mike Jaquez 0-0: Called Strike
0-1: Ball
1-1: Foul Ball, location: 2F
1-2: Strikes out looking
Bottom of the 7th over - 0 runs, 1 hit, 0 errors, 1 left on base; Boston 1 - Kansas City 5
TOP OF THE 8TH
Boston Red Sox batting - Pitching for Kansas City Royals : RHP Gan Ts'ong
Batting: SHB Marvin Lawrence 0-0: Ball
1-0: Called Strike
1-1: Swinging Strike
1-2: Ball
2-2: DOUBLE (Flyball, 89D, EV 94.4 MPH)
Batting: LHB Kevin McCormic Jr. 0-0: SINGLE (Groundball, 34D, EV 93.8 MPH)
Marvin Lawrence to third
Batting: RHB Pedro Nin 0-0: Ball
1-0: Grounds into double play, 4-6-3 (Groundball, 34, EV 88.8 MPH)
Marvin Lawrence scores
Pinch Hitting: LHB Shoichi Aso 0-0: Called Strike
0-1: Ground out 1-3 (Groundball, 34S, EV 66.2 MPH)
Top of the 8th over - 1 run, 2 hits, 0 errors, 0 left on base; Boston 2 - Kansas City 5
BOTTOM OF THE 8TH
Kansas City Royals batting - Pitching for Boston Red Sox : RHP Fred Huber
Now at 3B: Scott Treider
Now in RF: Shoichi Aso
Batting: SHB Gil Switzer 0-0: Ball
1-0: Foul Ball, location: 2F
1-1: Foul Ball, location: 2F
1-2: Foul Ball, location: 2F
1-2: Ball
2-2: Strikes out swinging
Batting: RHB Bob Najar 0-0: SOLO HOME RUN (Flyball, 7D, EV 94.4 MPH), Distance : 375 ft
Batting: LHB Manny Estrada 0-0: Ball
1-0: Ball
2-0: Ball
3-0: Called Strike
3-1: Called Strike
3-2: Ground out 4-3 (Groundball, 34, EV 89.4 MPH)
Batting: RHB Mikolas Markus 0-0: Called Strike
0-1: Foul Ball, location: 2F
0-2: Ball
1-2: Ball
2-2: Foul Ball, location: 2F
2-2: Strikes out swinging
Bottom of the 8th over - 1 run, 1 hit, 0 errors, 0 left on base; Boston 2 - Kansas City 6
TOP OF THE 9TH
Boston Red Sox batting - Pitching for Kansas City Royals : RHP Gan Ts'ong
Pitching: RHP Josh Moncada
Batting: LHB Mike Mentzer 0-0: Ball
1-0: Called Strike
1-1: Swinging Strike
1-2: Foul Ball, location: 2F
1-2: Strikes out looking
Batting: RHB Scott Treider 0-0: Foul Ball, location: 2F
0-1: Swinging Strike
0-2: Strikes out looking
Batting: RHB Alois Wollf 0-0: Foul Ball, location: 2F
0-1: Ball
1-1: Called Strike
1-2: Strikes out swinging
Top of the 9th over - 0 runs, 0 hits, 0 errors, 0 left on base; Boston 2 - Kansas City 6
Tuesday, September 13th , 2022 - OOTP Baseball 23.7 Build 88